 Dungeon Crawl Stone Soup version 0.30-a0-743-gbfdf073431 (webtiles) character file.

Game seed: 13128980115200600957

58 Newt the Trooper (level 3, -1/30 HPs)
             Began as a Demonspawn Gladiator on Feb 7, 2023.
             Was an Initiate of Okawaru.
             Slain by a gnoll
             ... wielding a +0 spear
              (8 damage)
             ... on level 4 of the Dungeon.
             The game lasted 00:01:42 (1504 turns).

Newt the Trooper (Demonspawn Gladiator)             Turns: 1504, Time: 00:01:42

Health: -1/30      AC:  6    Str: 16    XL:     3   Next: 76%
Magic:  3/3        EV: 11    Int:  9    God:    Okawaru [......]
Gold:   87         SH:  3    Dex: 14    Spells: 2/2 levels left

rFire   . . .      SeeInvis .    a - +0 rapier
rCold   . . .      Faith    .    i - +0 buckler
rNeg    . . .      Spirit   .    b - +0 leather armour
rPois   .          Reflect  .    c - +0 helmet
rElec   .          Harm     .    (no cloak)
rCorr   .          Rampage  .    (no gloves)
Will    .....                    (no boots)
Stlth   ++                       (no amulet)
HPRegen 0.25/turn                (no ring)
MPRegen 0.08/turn                (no ring)

@: no status effects
A: molten scales 1, weakness stinger 1
a: Renounce Religion


You were on level 4 of the Dungeon.
You worshipped Okawaru.
Okawaru was noncommittal.
You visited 2 branches of the dungeon, and saw 4 of its levels.

You collected 87 gold pieces.

Inventory:

Hand Weapons
 a - a +0 rapier (weapon)
Missiles
 d - a throwing net (quivered)
Armour
 b - a +0 leather armour (worn)
 c - a +0 helmet (worn)
 i - a +0 buckler (worn)
Scrolls
 k - a scroll of teleportation {unknown}
 l - a scroll of identify
Potions
 f - 2 potions of curing
 g - a potion of lignification {unknown}
 h - a potion of brilliance {unknown}
 j - a potion of mutation {unknown}


   Skills:
 * Level 3.7 Fighting
 - Level 2.6 Short Blades
 - Level 1.7 Throwing
 - Level 2.6 Dodging
 - Level 1.5 Stealth


You had 2 spell levels left.
You didn't know any spells.
Your spell library was empty.

Dungeon Overview and Level Annotations

Branches:
Dungeon (4/15)             Temple (1/1) D:4

Altars:
Dithmenos
Hepliaklqana
Kikubaaqudgha
Nemelex Xobeh
Okawaru
Qazlal
Ru
Sif Muna
Trog
Uskayaw
Vehumet
Yredelemnul


Innate Abilities, Weirdness & Mutations

You are partially covered in molten scales. (AC +2)
You have a small tail.


Message History

The gnoll is almost dead.
The gnoll barely misses you.
You barely miss the gnoll.
The gnoll is almost dead.
The gnoll hits you but does no damage.
You hit the gnoll but do no damage.
The gnoll is almost dead.
The gnoll hits you with a +2 flail of protection!
* * * LOW HITPOINT WARNING * * *
You hit the gnoll but do no damage.
The gnoll is almost dead.
The gnoll barely misses you.
Throw: 2 throwing nets
Press: ? - help, Q - select action Shift-Dir - straight line, f/p - gnoll
Aim: a gnoll, wielding a +2 flail of protection (almost dead, 63% to hit)
You throw a throwing net. The throwing net hits the gnoll.
The gnoll is caught in the net!
The gnoll is almost dead.
The gnoll struggles against the net.
You hit the gnoll but do no damage.
The gnoll is severely wounded.
The gnoll struggles against the net. x2
You hit the gnoll.
The gnoll is almost dead.
The gnoll struggles against the net.
You catch the helpless gnoll completely off-guard!
You puncture the gnoll!
You kill the gnoll!
Okawaru accepts your kill.
You hit the gnoll.
The gnoll is heavily wounded.
The gnoll barely misses you.
You barely miss the gnoll.
Your tail-slap misses the gnoll.
The gnoll is heavily wounded.
You block the gnoll's attack. The gnoll hits you with a +0 whip.
* * * LOW HITPOINT WARNING * * *
You hit the gnoll.
The gnoll is severely wounded.
The gnoll hits you from afar with a +0 spear!
You die...

#<# ###.# ...# ###
###..# #.. # ##....##
#.# #.#...... #.#
#.#.##..#######.#
###.>.(....gg@..#.#
......#...#####.#.#
##......### #...#
##......)# ###.#
......g...##.#
#.#####..
#...####..##.#
#........ ...
....#.#####...####.
#.
###..................
#......#######..#.#.


You could see 2 gnolls.

Vanquished Creatures
  2 gnolls (D:4)
  A dart slug (D:1)
  4 ball pythons
  4 endoplasms
  2 goblins (D:1)
  2 hobgoblins (D:1)
  12 jackals
  2 bats (D:1)
  2 rats (D:1)
31 creatures vanquished.

Notes
Turn   | Place    | Note
-------+----------+-------------------------------------------
     0 | D:1      | Newt the Demonspawn Gladiator began the quest for the Orb.
     0 | D:1      | Reached XP level 1. HP: 16/16 MP: 1/1
    37 | D:1      | Reached skill level 1 in Stealth
   188 | D:1      | Gained mutation: You are partially covered in molten
                  | scales. (AC +2) [demonic ancestry]
   188 | D:1      | Reached XP level 2. HP: 22/22 MP: 2/2
   460 | D:1      | Reached skill level 3 in Fighting
   562 | D:1      | Gained mutation: You have a small tail. [demonic ancestry]
   562 | D:1      | Reached XP level 3. HP: 29/29 MP: 3/3
   990 | D:2      | You fall into a shaft and drop 2 floors!
  1237 | D:4      | Found a staircase to the Ecumenical Temple.
  1261 | Temple   | Entered the Ecumenical Temple
  1392 | Temple   | Became a worshipper of Warmaster Okawaru
  1504 | D:4      | Slain by a gnoll

Illustrated notes

Levels and vault maps discovered:
D:1:      minmay_arrival_wavy_path, layout_loops_ring
D:2:      layout_basic, serial_bayou_lagoon_b, uniq_terence
D:4:      layout_basic, minmay_temple_entry_trees, minmay_misc_feat_roman,
          guppyfry_shop_venom
Temple:   nicolae_temple_slightly_damp_pantheon

Skill      XL: |  1  2 |
---------------+-------+-----
Stealth        | 1 |  1.5
Fighting       | 3 |  3.7
Short Blades   | |  2.6
Throwing       | |  1.7
Dodging        | |  2.6

Action                     || total
---------------------------++-------
  Melee: Rapier            ||   133
         Punch             ||     2
         Tailslap          ||     6
  Throw: Throwing net      ||     2
         Javelin           ||     1
    Use: Scroll            ||     3
   Stab: Sleeping          ||     1
         Held in net/web   ||     2
 Armour: Leather armour    ||    41
  Dodge: Dodged            ||    91
  Block: Buckler           ||     7

Table legend: (Time is in decaauts)
 A = Elapsed time spent in this place.
 B = Non-inter-level travel time spent in this place.
 C = Inter-level travel time spent in this place.
 D = Time resting spent in this place.
 E = Time spent auto-exploring this place.
 F = Levels seen in this place.
 G = Mean time per level.
                   A        B        C        D        E       F      G
               +--------+--------+--------+--------+--------+-----+--------+
         Total |   1516 |   1466 |     50 |    200 |    986 |   4 |  379.0 |
       Dungeon |   1365 |   1353 |     12 |    200 |    888 |   3 |  455.0 |
        Temple |    150 |    113 |     37 |      0 |     98 |   1 |  150.0 |
               +--------+--------+--------+--------+--------+-----+--------+

Top non-repeatable levels by time:
     D:1: 752 daAuts
     D:4: 368 daAuts
     D:2: 244 daAuts
  Temple: 150 daAuts
